Map: Romanticide LE

Players

GunGFuBanDa

  • Race: Protoss Protoss
  • League: Grandmaster
  • Spawn Location: 5:00

AGOElazer (Elazer) - Winner!

  • Race: Zerg Zerg
  • Spawn Location: 11:00

Event: DreamHack SC2 Masters 2020 Winter

VOD

Have the link to the VOD?

Description

Time

  • Played on: Oct. 31, 2020, 11:09 a.m.
  • Length: 6:23

All games in this series

Show
View Real Time Build Order
Export as new Build Order

GunGFuBanDa Protoss 

Build Orders: 1 Gate Expand, Oracle Opening, Phoenix Opening 

Get SALT Encoding   

  12  0:00  Probe  
  13  0:12  Probe  
  14  0:17  Pylon  
  14  0:24  Probe (Chrono Boost)  
  15  0:36  Probe (Chrono Boost)  
  15  0:39  Gateway  
  16  0:45  Probe (Chrono Boost)  
  17  0:50  Assimilator, Probe  
  18  1:03  Probe  
  18  1:15  Probe  
  19  1:25  Nexus  
  19  1:34  Cybernetics Core  
  19  1:37  Probe (Chrono Boost)  
  20  1:46  Assimilator  
  20  1:47  Probe (Chrono Boost)  
  21  1:51  Probe (Chrono Boost)  
  22  1:54  Pylon  
  22  2:06  Probe  
  23  2:10  Adept (Chrono Boost)  
  25  2:18  Probe  
  25  2:20  Stargate  
  26  2:30  Warp Gate, Probe  
  26  2:32  Adept (Chrono Boost)  
  26  2:36  Probe  
  30  2:42  Probe  
  31  2:49  Probe  
  32  2:54  Probe  
  32  2:55  Adept  
  35  3:01  Probe  
  36  3:05  Phoenix (Chrono Boost)  
  36  3:07  Probe  
  39  3:13  Probe  
  39  3:15  Gateway  
  39  3:19  Probe  
  41  3:22  Pylon  
  41  3:25  Probe, Oracle (Chrono Boost)  
  45  3:31  Probe  
  46  3:40  Gateway, Probe (Chrono Boost)  
  47  3:44  Twilight Council  
  47  3:48  Probe (Chrono Boost)  
  48  3:52  Probe (Chrono Boost)  
  50  3:57  Probe (Chrono Boost)  
  50  3:58  Probe (Chrono Boost)  
  51  4:06  Nexus  
  51  4:07  Probe  
  52  4:10  Pylon  
  52  4:12  Probe  
  53  4:19  Resonating Glaives (Chrono Boost), Probe  
  54  4:28  Probe  
  54  4:31  Pylon  
  55  4:32  Probe  
  55  4:37  Adept x3  
  62  4:43  Shield Battery  
  62  4:45  Pylon  
  62  4:49  Probe x2  
  64  5:00  Adept x3  
  64  5:03  Probe  
  64  5:04  Assimilator  
  64  5:06  Assimilator  
  71  5:13  Probe (Chrono Boost)  
  68  5:16  Robotics Facility  
  68  5:20  Probe x2 (Chrono Boost)  
  70  5:24  Adept x2  
  70  5:25  Adept  
  79  5:29  Probe (Chrono Boost)  
  79  5:30  Probe (Chrono Boost)  
  79  5:31  Probe (Chrono Boost)  
  79  5:36  Forge  
  79  5:39  Probe (Chrono Boost)  
  79  5:40  Probe x2 (Chrono Boost)  
  82  5:45  Shield Battery  
  82  5:46  Probe  
  82  5:47  Adept x2  
  82  5:48  Probe  
  82  5:49  Zealot  
  89  5:50  Probe  
  89  5:58  Probe  
  89  6:00  Probe, Dark Shrine  
  89  6:02  Probe  
  82  6:08  Stalker  
  82  6:09  Stalker, Adept  
  82  6:10  Probe  
Show
View Real Time Build Order
Export as new Build Order

AGOElazer Zerg - Winner!

Build Orders: Hatch First 

Get SALT Encoding   

  12  0:00  Drone  
  13  0:12  Overlord  
  13  0:17  Drone  
  14  0:30  Drone x2  
  16  0:47  Hatchery  
  15  0:51  Drone  
  15  0:54  Drone  
  17  0:58  Drone  
  18  1:08  Extractor  
  17  1:15  Spawning Pool  
  16  1:19  Drone  
  16  1:22  Drone  
  18  1:29  Drone  
  19  1:39  Drone  
  20  1:49  Hatchery  
  20  1:50  Drone  
  20  2:02  Queen  
  20  2:03  Zergling x2  
  20  2:07  Drone  
  24  2:10  Drone  
  24  2:14  Overlord  
  25  2:22  Queen  
  27  2:25  Drone  
  28  2:34  Drone x3  
  31  2:39  Queen  
  33  2:46  Metabolic Boost  
  33  2:47  Drone  
  33  2:49  Drone  
  35  2:55  Zergling x2  
  36  3:00  Overlord  
  36  3:05  Queen  
  38  3:12  Drone x4  
  42  3:18  Queen  
  44  3:22  Drone x3  
  47  3:27  Overlord  
  47  3:30  Spore Crawler  
  47  3:32  Overlord  
  46  3:35  Drone x2  
  46  3:39  Drone x2  
  50  3:44  Overlord  
  50  3:51  Drone x2  
  50  3:52  Drone x4  
  56  3:57  Queen  
  58  4:04  Lair  
  58  4:05  Drone x3  
  58  4:07  Drone  
  58  4:09  Drone  
  63  4:13  Overlord  
  63  4:15  Drone x2  
  65  4:20  Overlord  
  65  4:24  Extractor x2  
  64  4:25  Roach Warren  
  64  4:27  Zergling x6  
  64  4:32  Overlord  
  64  4:33  Zergling x6  
  64  4:37  Drone x3  
  69  4:41  Drone x3  
  69  4:43  Overlord  
  72  4:47  Drone  
  72  4:50  Overlord  
  73  4:59  Zergling x10  
  78  5:03  Nydus Network  
  78  5:06  Overlord  
  77  5:10  Roach x5  
  77  5:12  Roach  
  87  5:16  Zergling x4  
  88  5:23  Zergling x10  
  92  5:29  Overlord  
  92  5:30  Queen  
  96  5:35  Roach  
  96  5:36  Roach x4  
  96  5:40  Nydus Canal  
  104  5:44  Roach x2, Overlord  
  104  5:46  Roach  
  104  5:47  Zergling x6  
  113  5:57  Overlord  
  111  5:59  Roach x3  
Tags
 
Add a new tag
Caveats
  • Supply blocks, unpowered buildings, or Contaminate may cause inaccurate times.
  • Supply counts are checked every 10 seconds.